 Dungeon Crawl Stone Soup version 0.16.1-11-g651b585 (webtiles) character file.

1248 vatarom the Conjurer (level 8, 0/50 HPs)
             Began as an Octopode Ice Elementalist on Mar 30, 2015.
             Was a Follower of Vehumet.
             Killed from afar by an orc wizard (5 damage)
             ... with a magic dart
             ... on level 5 of the Dungeon.
             The game lasted 00:15:03 (7155 turns).

vatarom the Conjurer (Octopode Ice Elementalist)    Turns: 7155, Time: 00:15:03

Health: 0/50       AC:  1    Str:  7    XL:     8   Next: 50%
Magic:  0/18       EV: 12    Int: 19    God:    Vehumet [*.....]
Gold:   76         SH:  0    Dex: 13    Spells: 5 memorised, 1 level left

rFire  . . .     SeeInvis .     f - +8 hand axe of Destiny {venom, rN+ MR++ Stlth-}
rCold  + . .     Clarity  .     (no shield)
rNeg   + . .     SustAb   +     (helmet restricted)
rPois  .         Gourm    .     (no amulet)
rElec  .         Spirit   .     c - ring of protection from cold (curse)
rCorr  .         Warding  .     l - ring of sustain abilities
rMut   .         Stasis   .     (no ring)
MR     ++...                    (no ring)
Stlth  +++.......               (no ring)
                                (no ring)
                                (no ring)
                                (no ring)

@: very resistant to hostile enchantments, fairly stealthy
A: almost no armour, amphibious, 8 rings, constrict 8, camouflage 1, gelatinous
body 1
a: Renounce Religion


You were on level 5 of the Dungeon.
You worshipped Vehumet.
Vehumet was aware of your devotion.
You were very hungry.

You visited 2 branches of the dungeon, and saw 7 of its levels.

You collected 268 gold pieces.
You spent 192 gold pieces at shops.

Inventory:

Hand weapons
 f - the +8 hand axe of Destiny (weapon) {venom, rN+ MR++ Stlth-}
   (You bought it in a shop on level 4 of the Dungeon)

   It poisons the flesh of those it strikes.
   It protects you from negative energy.
   It affects your resistance to hostile enchantments.
   It makes you less stealthy.
Magical staves
 i - an uncursed staff of death
Jewellery
 c - a cursed ring of protection from cold (left tentacle)
 l - a ring of sustain abilities (right tentacle)
Scrolls
 d - a scroll of magic mapping
 e - 4 scrolls of identify
 h - 2 scrolls of remove curse
Potions
 j - 2 potions of heal wounds {unknown}
 k - a potion of agility {unknown}
Books
 b - a book of Frost

   Spells                             Type                      Level
   a - Freeze                         Ice                          1
   b - Throw Frost                    Conjuration/Ice              2
   c - Ozocubu's Armour               Charms/Ice                   3
   d - Throw Icicle                   Conjuration/Ice              4
   e - Summon Ice Beast               Ice/Summoning                4
   f - Condensation Shield            Ice                          4
Comestibles
 a - 3 fruits
 g - 2 bread rations
 m - a meat ration


   Skills:
 - Level 2.2 Fighting
 - Level 2.0 Dodging
 - Level 4.2 Stealth
 - Level 4.0 Spellcasting
 + Level 6.2 Conjurations
 + Level 3.1 Summonings
 - Level 5.4 Ice Magic


You had one spell level left.
You knew the following spells:

 Your Spells              Type           Power        Failure   Level  Hunger
a - Freeze                Ice            ###.         1%          1    None
b - Throw Frost           Conj/Ice       ####..       1%          2    ##.....
c - Ozocubu's Armour      Chrm/Ice       ##......     14%         3    ###....
d - Throw Icicle          Conj/Ice       ####....     14%         4    ####...
e - Summon Ice Beast      Ice/Summ       ###.....     28%         4    ####...


Dungeon Overview and Level Annotations

Branches:
Dungeon (6/15)             Temple (1/1) D:4

Altars:
Ashenzari
Cheibriados
Dithmenos
Fedhas
Gozag
Kikubaaqudgha
Makhleb
Nemelex Xobeh
Okawaru
Ru
Sif Muna
Trog
Vehumet
Xom
Yredelemnul
Zin
The Shining One

Shops:
D:4 (

Annotations:
D:2 Sigmund


Innate Abilities, Weirdness & Mutations

You cannot wear most types of armour.
You are amphibious.
You can wear up to eight rings at the same time.
You can use your tentacles to constrict many enemies at once.
Your skin changes colour to match your surroundings (Stealth).
Your rubbery body absorbs attacks (AC +1).


Message History

Casting: Throw Icicle
Confirm with . or Enter, or press ? or * to list all spells.
Aiming: Throw Icicle
Press: ? - help, Shift-Dir - straight line, f - orc
Aim: an orc, wielding a club The shard of ice hits the orc.
You kill the orc!
Vehumet accepts your kill.
You are feeling very hungry.
The orc wizard closely misses you.
Casting: Throw Icicle
Confirm with . or Enter, or press ? or * to list all spells.
Aiming: Freeze
Press: ? - help, Shift-Dir - straight line, f - orc wizard
Aim: an orc wizard, wielding a dagger and wearing a robe (fast)
You freeze the orc wizard.
The orc wizard is heavily wounded.
The orc wizard casts a spell at you. The magic dart hits you!
You die...

###.## ## #...## #.
##....### ##.
#.......## ###..
##........###....
##................
#.....(.......####
##.#..........##
#.@#...........#
##o###..........##
##.>..#......##...#
##...........####..##
#.#.........## ##..#
#†##........# #..##
#.####.....## ##..#
#######....# #...
#.........## ##..


You could see an orc wizard.

Vanquished Creatures
  The ghost of DwarfCleric the Cudgeler, an average DDFi (D:3)
  Menkaure (D:6)
  An ogre (D:5)
  A sky beast (D:5)
  A centaur (D:5)
  A giant frog (D:5)
  A scorpion (D:4)
  A crimson imp (D:5)
  2 orc priests
  Crazy Yiuf (D:2)
  An iguana (D:5)
  3 orc wizards
  4 worker ants
  Ijyb (D:6)
  A hound skeleton (D:5)
  9 adders
  4 gnolls (D:3)
  5 worms
  8 giant geckos
  2 oozes
  15 orcs
  5 ball pythons
  5 giant cockroaches
  7 goblins
  11 hobgoblins
  2 jackals (D:1)
  3 quokkas
  12 bats
  A giant newt (D:5)
  17 kobolds
  8 rats
135 creatures vanquished.

Vanquished Creatures (others)
  An orc (D:3)
1 creature vanquished.

Grand Total: 136 creatures vanquished

Notes
Turn   | Place    | Note
--------------------------------------------------------------
     0 | D:1      | vatarom, the Octopode Ice Elementalist, began the quest for the Orb.
     0 | D:1      | Reached XP level 1. HP: 11/11 MP: 3/3
   241 | D:1      | Reached skill level 1 in Fighting
   243 | D:1      | Reached XP level 2. HP: 13/18 MP: 1/4
   510 | D:1      | Learned a level 2 spell: Throw Frost
   855 | D:1      | Reached XP level 3. HP: 18/24 MP: 4/6
   963 | D:1      | Learned a level 3 spell: Ozocubu's Armour
  1513 | D:2      | Noticed Sigmund
  1882 | D:2      | Reached XP level 4. HP: 10/29 MP: 2/7
  2058 | D:2      | Found a shadowy altar of Dithmenos.
  2065 | D:2      | Found an opulent altar of Gozag.
  2098 | D:2      | Reached skill level 4 in Ice Magic
  2136 | D:2      | Noticed Crazy Yiuf
  2145 | D:2      | Killed Crazy Yiuf
  2260 | D:2      | Found a sparkling altar of Nemelex Xobeh.
  2350 | D:2      | Found a burning altar of Makhleb.
  2580 | D:2      | Reached XP level 5. HP: 29/34 MP: 9/9
  3658 | D:3      | Noticed DwarfCleric's ghost (average DDFi)
  3711 | D:3      | Killed DwarfCleric's ghost
  3711 | D:3      | Reached skill level 5 in Ice Magic
  3711 | D:3      | Reached XP level 6. HP: 8/39 MP: 0/10
  4276 | D:4      | Found a shimmering altar of Xom.
  4278 | D:4      | Found a shimmering altar of Xom.
  4278 | D:4      | Found a shimmering altar of Xom.
  4279 | D:4      | Found a shimmering altar of Xom.
  4279 | D:4      | Found a shimmering altar of Xom.
  4451 | D:4      | Reached XP level 7. HP: 42/45 MP: 1/12
  4480 | D:4      | Learned a level 4 spell: Throw Icicle
  4721 | D:4      | Found Phehu's Antique Weapon Shop.
  4729 | D:4      | Bought a bloodstained hand axe for 192 gold pieces
  4729 | D:4      | Identified the +8 hand axe of Destiny {venom, rN+ MR++ Stlth-} (You bought it in a shop on level 4 of the Dungeon)
  4776 | D:4      | Found a glowing silver altar of Zin.
  5026 | D:4      | Found a staircase to the Ecumenical Temple.
  5038 | Temple   | Entered the Ecumenical Temple
  5070 | Temple   | Became a worshipper of Vehumet
  5255 | D:5      | Entered Level 5 of the Dungeon
  5786 | D:5      | Found a shattered altar of Ashenzari.
  5947 | D:5      | Acquired Vehumet's first power
  5947 | D:5      | Offered knowledge of Sandblast by Vehumet.
  6221 | D:5      | Reached skill level 5 in Conjurations
  6664 | D:5      | Reached XP level 8. HP: 50/50 MP: 18/18
  6670 | D:5      | Learned a level 4 spell: Summon Ice Beast
  6706 | D:5      | Reached skill level 1 in Summonings
  7139 | D:6      | Noticed Menkaure
  7139 | D:6      | Noticed Ijyb
  7142 | D:6      | Killed Menkaure
  7142 | D:6      | Reached skill level 6 in Conjurations
  7145 | D:6      | Killed Ijyb
  7155 | D:5      | Killed from afar by an orc wizard

Action                   |  1- 3 |  4- 6 |  7- 9 || total
-------------------------+-------+-------+-------++-------
Melee: Unarmed           |    67 |   118 |    21 ||   206
       Hand axe          |       |       |    66 ||    66
 Cast: Freeze            |    29 |    29 |    15 ||    73
       Throw Frost       |     2 |     5 |     2 ||     9
       Ozocubu's Armour  |     1 |     8 |     2 ||    11
       Throw Icicle      |       |       |    11 ||    11
  Use: Scroll            |     2 |     6 |     2 ||    10
       Potion            |     2 |     1 |       ||     3
 Stab: Sleeping          |     9 |    16 |     7 ||    32
  Eat: Bread ration      |     1 |       |     1 ||     2
       Chunk             |     1 |       |     1 ||     2
       Meat ration       |       |     1 |     1 ||     2
       Beef jerky        |       |     2 |       ||     2
